 Dungeon Crawl Stone Soup version 0.31.0 (webtiles) character file.

Game seed: 295597854232603464

60 qw the Shooter (level 4, -7/28 HPs)
             Began as a Gargoyle Hunter on Jan 20, 2024.
             Blown up by Ijyb (16 damage)
             ... with a mindburst bolt
             ... on level 3 of the Dungeon.
             The game lasted 00:00:07 (1751 turns).

qw the Shooter (Gargoyle Hunter)                    Turns: 1751, Time: 00:00:08

Health: -7/28      AC: 10    Str: 14    XL:     4   Next: 6%
Magic:  4/4        EV: 10    Int: 10    God:
Gold:   139        SH:  0    Dex: 15    Spells: 3/3 levels left

rFire   . . .        a - +0 shortbow
rCold   . . .        (shield currently unavailable)
rNeg    + . .        d - +0 ring mail
rPois   inf          (no helmet)
rElec   +            j - +0 cloak
rCorr   .            (no gloves)
SInv    .            e - +0 pair of boots
Will    .....        (no amulet)
Stlth   +            (no ring)
HPRegen 0.24/turn    (no ring)
MPRegen 0.09/turn

%: no passive effects
@: no status effects
A: sickness immunity, AC +3, negative energy resistance 1, electricity
resistance, torment resistance 1, petrification resistance
a: no special abilities


You were on level 3 of the Dungeon.
You visited 1 branch of the dungeon, and saw 3 of its levels.

You collected 139 gold pieces.


Innate Abilities, Weirdness & Mutations

You are immune to sickness and miasma.
Your stone body is resilient. (AC +3)
You are immune to poison.
You resist negative energy. (rN+)
You are resistant to electric shocks. (rElec)
You are resistant to unholy torment.
You are immune to petrification.


   Skills:
 - Level 3.0 Fighting
 + Level 5.0 Ranged Weapons
 - Level 1.0 Armour
 - Level 1.5 Dodging
 - Level 1.1 Stealth


You had 3 spell levels left.
You didn't know any spells.
Your spell library was empty.

Inventory:

Hand Weapons
 a - a +0 shortbow (weapon)
Armour
 d - a +0 ring mail (worn)
 e - a +0 pair of boots (worn)
 j - a +0 cloak (worn)
Wands
 h - a wand of iceblast (15)
Scrolls
 c - a scroll of teleportation
Potions
 k - a potion of haste
 l - a potion of invisibility {unknown}
 m - a potion of enlightenment {unknown}

Dungeon Overview and Level Annotations

Branches:
Dungeon (3/15)

Altars:

Annotations:
D:3 Ijyb


Message History

1652 ||| READING scroll of identify.
1652 ||| IDENTIFYING murky emerald potion
As you read the scroll of identify, it crumbles to dust.
k - a potion of haste Partly explored, can't reach some places.
1653 ||| READING scroll labelled WOUS DECROU.
As you read the scroll labelled WOUS DECROU, it crumbles to dust.
You feel aware of your surroundings.
It was a scroll of revelation.
Partly explored, can't reach some places.
1654 ||| READING scroll labelled UFURIA TIYNIY.
As you read the scroll labelled UFURIA TIYNIY, it crumbles to dust.
You hear a loud clanging noise!
It was a scroll of noise.
Partly explored, can't reach some places.
1655 ||| READING scroll labelled VIOLOSE TASAEKK.
As you read the scroll labelled VIOLOSE TASAEKK, it crumbles to dust.
You assume a fearsome visage.
Nothing appears to happen.
It was a scroll of fear.
Partly explored, can't reach some places.
What level of the Dungeon? (default 2, ? - help)
You see here a +0 pair of boots.
There is a stone staircase leading down here.
You climb downwards.
There is a stone staircase leading up here.
Waypoint 2 assigned to D:3.
Ijyb the Twisted Goblin comes into view.
She is wielding a +0 club and carrying a wand of mindburst.
Ijyb shouts!
Enter note:
Enter note: You shoot an arrow.
The arrow hits Ijyb.
Ijyb is lightly wounded.
You shoot an arrow. The arrow hits Ijyb.
Ijyb is moderately wounded.
You shoot an arrow. The arrow closely misses Ijyb.
Ijyb zaps a wand.
Your mind is blasted!
Ouch! That really hurt!
You shoot an arrow. The arrow closely misses Ijyb.
Ijyb zaps a wand.
Your mind is blasted!
Ouch! That really hurt!
You die...

#.##.## ..
#.#...# .. .
#..#.#. .##.###
#.#...# .. .....#
#...... ....
....# ### ####.##
#...##.#.# ....
#.#
##......#.##.....
#.#
.....#...@g......
#.#
#.........##.....
#.# ........#.#
... #.# #
##......# # #.#
...###..######
#.#
.............#
#.#
...###..####.#
#.# # #..####.#
########.#
#....##.#
#........#


You could see Ijyb.

Vanquished Creatures
  An adder (D:2)
  A ribbon worm (D:2)
  2 dart slugs
  2 endoplasms
  A giant cockroach (D:1)
  6 goblins
  4 hobgoblins
  2 jackals (D:2)
  6 quokkas
  8 ball pythons
  3 bats
  2 kobolds (D:1)
  3 rats
41 creatures vanquished.

Notes
Turn   | Place    | Note
-------+----------+-------------------------------------------
     0 | D:1      | qw the Gargoyle Hunter began the quest for the Orb.
     0 | D:1      | Reached XP level 1. HP: 12/12 MP: 1/1
     0 | D:1      | 0 ||| qw: Version: 0.3-a-132-g3d54051
     0 | D:1      | 0 ||| qw: Game counter: 438
     0 | D:1      | 0 ||| qw: Melee chars always use a shield: true
     0 | D:1      | 0 ||| qw: God list: Okawaru
     0 | D:1      | 0 ||| qw: Allow faded altars: false
     0 | D:1      | 0 ||| qw: Do Orc after clearing Dungeon:15 true
     0 | D:1      | 0 ||| qw: Do second Lair branch before Depths: true
     0 | D:1      | 0 ||| qw: Lair rune preference: random
     0 | D:1      | 0 ||| qw: Goals: Normal
     0 | D:1      | 0 ||| PLANNING D:1-11
    68 | D:1      | HP: 3/12 [hobgoblin (2)]
    70 | D:1      | HP: 1/12 [hobgoblin (2)]
    75 | D:1      | Reached XP level 2. HP: 2/17 MP: 2/2
   155 | D:1      | You fall into a shaft and drop 1 floor!
   296 | D:2      | 296 ||| FLEEEEING.
   301 | D:2      | 301 ||| STAIRDANCE
   431 | D:1      | Reached XP level 3. HP: 21/21 MP: 3/3
   484 | D:1      | Reached skill level 5 in Ranged Weapons
   877 | D:1      | 877 ||| UPGRADING to +0 ring mail.
   887 | D:1      | 887 ||| DROPPING +0 leather armour.
   888 | D:1      | 888 ||| UPGRADING to +0 pair of boots.
   893 | D:1      | 893 ||| UPGRADING to +0 cloak.
   898 | D:1      | 898 ||| DROPPING ring of magical power.
   899 | D:1      | 899 ||| READING scroll labelled TIPAHO USTUUCI.
   902 | D:1      | 902 ||| READING 2 scrolls labelled LEKLUGG GIRAISCH.
   902 | D:1      | 902 ||| IDENTIFYING fuming ruby potion
   903 | D:1      | 903 ||| READING scroll of identify.
   903 | D:1      | 903 ||| IDENTIFYING 2 sedimented inky potions
   904 | D:1      | 904 ||| READING 2 scrolls labelled QUFFECRENT.
  1005 | D:1      | 1005 ||| READING scroll labelled SAIFEC PIKEHOA.
  1006 | D:1      | 1006 ||| DROPPING scroll of butterflies.
  1007 | D:1      | 1007 ||| DROPPING 2 potions of degeneration.
  1008 | D:1      | 1008 ||| DROPPING scroll of vulnerability.
  1009 | D:1      | 1009 ||| DROPPING potion of berserk rage.
  1020 | D:2      | 1020 ||| STAIRDANCE
  1204 | D:2      | Reached skill level 1 in Armour
  1561 | D:2      | Reached skill level 3 in Fighting
  1561 | D:2      | Reached XP level 4. HP: 21/28 MP: 4/4
  1561 | D:2      | 1561 ||| FLEEEEING.
  1652 | D:2      | 1652 ||| READING scroll of identify.
  1652 | D:2      | 1652 ||| IDENTIFYING murky emerald potion
  1653 | D:2      | 1653 ||| READING scroll labelled WOUS DECROU.
  1654 | D:2      | 1654 ||| READING scroll labelled UFURIA TIYNIY.
  1655 | D:2      | 1655 ||| READING scroll labelled VIOLOSE TASAEKK.
  1746 | D:3      | Noticed Ijyb
  1751 | D:3      | Blown up by Ijyb

Levels and vault maps discovered:
D:1:      dpeg_arrival_three_bigger_balls, layout_loops_ring
D:2:      layout_loops_ring, chequers_big_river
D:3:      layout_loops_cross, uniq_ijyb

Skill      XL: |  1  2  3 |
---------------+----------+-----
Ranged Weapons | 5 |  5.0
Armour         | 1 |  1.0
Fighting       | 3 |  3.0
Dodging        | |  1.5
Stealth        | |  1.1

Action                     |  1- 3 |  4- 6 || total
---------------------------+-------+-------++-------
   Fire: Shortbow          |   127 |     4 ||   131
    Use: Scroll            |     5 |     4 ||     9
 Armour: Leather armour    |    35 |       ||    35
         Ring mail         |    18 |       ||    18
  Dodge: Dodged            |    73 |       ||    73

Table legend:
 A = Non-vault XP
 B = Vault XP
 C = Vault XP percentage of total XP
 D = Non-vault monster count
 E = Vault monster count
 F = Vault count percentage of total count
                 A         B        C        D         E       F
            +---------+---------+-------+---------+---------+-------
      Total |      87 |       0 |   0.0 |      41 |       0 |   0.0
            +---------+---------+-------+---------+---------+-------
        D:1 |      39 |       0 |   0.0 |      23 |       0 |   0.0
        D:2 |      48 |       0 |   0.0 |      18 |       0 |   0.0
            +---------+---------+-------+---------+---------+-------
